[Event "Late-Titled-Tuesday-Blitz-February-20-2024"]
[Site "Chess.com"]
[Date "2024.02.20"]
[Round "9"]
[White "abeljusto"]
[Black "Charodej1"]
[Result "0-1"]
[WhiteElo "2093"]
[BlackElo "2228"]
[TimeControl "180+1"]
[EndTime "15:42:10 PST"]
[Termination "Charodej1 won on time"]

1. e4 c6 2. d4 d5 3. f3 e6 4. Nc3 Bb4 5. Bf4 Nd7 6. Bd3 Qa5 7. Ne2 c5 8. dxc5 Nxc5 9. exd5 exd5 10. O-O Ne7 11. Nb5 Ne6 12. Nd6+ Bxd6 13. Bxd6 Qb6+ 14. Kh1 Qxd6 15. c3 O-O 16. Ng3 Nf4 17. Bc2 Be6 18. Re1 Rfc8 19. Qd4 Rc4 20. Qf2 b5 21. Rad1 a5 22.
Ne4 Qc7 23. Ng5 Bf5 24. Bxf5 Nxf5 25. Re5 Qxe5 0-1

[Event "Late-Titled-Tuesday-Blitz-February-20-2024"]
[Site "Chess.com"]
[Date "2024.02.20"]
[Round "9"]
[White "PawnEatingZombie"]
[Black "katharinareinecke"]
[Result "1-0"]
[WhiteElo "2211"]
[BlackElo "1987"]
[TimeControl "180+1"]
[EndTime "15:42:17 PST"]
[Termination "PawnEatingZombie won by resignation"]

1. e4 c6 2. Nf3 d5 3. d3 dxe4 4. dxe4 Qxd1+ 5. Kxd1 Bg4 6. Be2 Nd7 7. Ne1 Bxe2+ 8.
Kxe2 e6 9. a4 Ngf6 10. f3 Bc5 11. Nd3 Bb6 12. a5 Bc7 13. Nd2 O-O 14. Nc4 b6 15.
Be3 b5 16. Nd2 Bd6 17. Nb3 Rfc8 18. Nbc5 Nxc5 19. Nxc5 Bxc5 20. Bxc5 Nd7 21. b4 Nxc5 22. bxc5 a6 23. Rhd1 Rd8 24. Rd6 Rxd6 25. cxd6 e5 26. Rd1 Kf8 27. c4 b4 28. c5 Ke8 29. Kd3 Kd7 30.
Kc4 Rb8 31. Rb1 Rb5 32. Rxb4 Rxa5 33. Rb7+ Kd8 34. Rxf7 Ra4+ 35. Kb3 Rd4 36. Rxg7 a5 37.
Rxh7 a4+ 38. Ka3 Rc4 39. h4 Rxc5 40. h5 Rc2 41. Rg7 c5 42. h6 Rc1 43. h7 Rh1 44. Rg8+ 1-0

[Event "Late-Titled-Tuesday-Blitz-February-20-2024"]
[Site "Chess.com"]
[Date "2024.02.20"]
[Round "9"]
[White "Ze-Pequeno"]
[Black "McCarthyStone"]
[Result "1-0"]
[WhiteElo "2264"]
[BlackElo "2355"]
[TimeControl "180+1"]
[EndTime "15:42:24 PST"]
[Termination "Ze-Pequeno won by resignation"]

1. e4 c5 2. Nf3 d6 3. d4 cxd4 4.
Nxd4 Nf6 5. Nc3 a6 6. Bg5 e6 7.
f4 b5 8. e5 dxe5 9. fxe5 Qc7 10. exf6 Qe5+ 11. Be2 Qxg5 12. O-O Bc5 13. Kh1 Ra7 14.
Ne4 Qd5 15. fxg7 Bxd4 16. Bf3 Qe5 17. gxh8=Q+ Qxh8 18.
Nd6+ Kd7 19. Nxf7 Qg7 20. c3 Kc7 21. Qxd4 Qxd4 22. cxd4 Nd7 23. Rac1+ Kb6 24. Rxc8 Nf6 25. Rc6+ Ka5 26. Ne5 Nd5 27. Rxe6 Ne3 28. Nc6+ Ka4 29. Rxe3 1-0

[Event "Late-Titled-Tuesday-Blitz-February-20-2024"]
[Site "Chess.com"]
[Date "2024.02.20"]
[Round "9"]
[White "KaydenTroffChess"]
[Black "otrov-11"]
[Result "1-0"]
[WhiteElo "2817"]
[BlackElo "2604"]
[TimeControl "180+1"]
[EndTime "15:42:30 PST"]
[Termination "KaydenTroffChess won by resignation"]

1. d4 Nf6 2. Nf3 e6 3. Bf4 b6 4. e3 Bb7 5. Nbd2 Be7 6. Bd3 c5 7. Nc4 d5 8. Nce5 O-O 9. c3 Nc6 10. O-O Bd6 11. Bg5 Be7 12. Nxc6 Bxc6 13. Ne5 Bb7 14.
Bxf6 Bxf6 15. f4 a5 16. Rf3 g6 17. g4 Bg7 18. g5 f6 19. gxf6 Rxf6 20. Rg3 Ba6 21.
Bc2 cxd4 22. cxd4 Rc8 23. h4 Qc7 24. Rc1 Rf5 25. Bxf5 Qxc1 26. Bxe6+ Kf8 27. Qxc1 Rxc1+ 28. Kh2 Bb7 29. h5 gxh5 30. Nd7+ Ke7 31. Rxg7+ Kxe6 32. Nf8+ Kf6 33. Rxb7 Rc2+ 34. Kg3 Rxb2 35. Rxb6+ Rxb6 36. Nd7+ 1-0

[Event "Late-Titled-Tuesday-Blitz-February-20-2024"]
[Site "Chess.com"]
[Date "2024.02.20"]
[Round "9"]
[White "micke12a"]
[Black "JonSnowNW1"]
[Result "0-1"]
[WhiteElo "2364"]
[BlackElo "2510"]
[TimeControl "180+1"]
[EndTime "15:42:37 PST"]
[Termination "JonSnowNW1 won by resignation"]

1. e4 c5 2. Nc3 d6 3. d4 cxd4 4. Qxd4 Nf6 5. Be3 Nc6 6. Qd2 g6 7. f3 Bg7 8. O-O-O O-O 9. Nge2 Be6 10. Nf4 Bd7 11. h4 Qa5 12. Kb1 Rfc8 13. h5 Ne5 14. hxg6 hxg6 15. Ncd5 Qxd2 16. Nxf6+ Bxf6 17. Rxd2 Bc6 18. Nd5 Bxd5 19. Rxd5 Nc4 20. Bxc4 Rxc4 21. Bg5 Bxg5 22.
Rxg5 Kg7 23. Rd5 Rac8 24. Rd2 b5 25. b3 Rc3 26. Kb2 a5 27. a3 a4 28. b4 Re3 29.
Rhd1 Rcc3 30. Rd3 Rcxd3 31. Rxd3 Rxd3 32. cxd3 Kf6 33. d4 e5 34. Kc3 g5 35. g3 g4 36.
fxg4 Kg5 37. dxe5 dxe5 38. Kd3 Kxg4 39. Ke3 Kxg3 0-1

[Event "Late-Titled-Tuesday-Blitz-February-20-2024"]
[Site "Chess.com"]
[Date "2024.02.20"]
[Round "9"]
[White "delqate"]
[Black "emeli_chess"]
[Result "0-1"]
[WhiteElo "2517"]
[BlackElo "2429"]
[TimeControl "180+1"]
[EndTime "15:42:39 PST"]
[Termination "emeli_chess won by resignation"]

1. e4 e5 2. Nf3 Nc6 3. Bb5 a6 4.
Ba4 Nf6 5. d3 b5 6. Bb3 Be7 7. a4 Rb8 8. O-O O-O 9. Re1 d6 10. axb5 axb5 11. Nc3 Be6 12. Bxe6 fxe6 13. d4 exd4 14. Nxd4 Nxd4 15. Qxd4 e5 16. Qd3 c6 17. Bg5 b4 18. Nd1 d5 19. exd5 Nxd5 20. Bxe7 Qxe7 21. Qe4 Qc5 22. Ne3 Nxe3 23. Rxe3 Rbd8 24. Re2 Qd4 25. Qxe5 Qxe5 26. Rxe5 Rd2 27. Rf1 Rxc2 28. Re6 c5 29.
Rc6 c4 30. Rc7 h6 31. h4 Rf7 32. h5 0-1

[Event "Late-Titled-Tuesday-Blitz-February-20-2024"]
[Site "Chess.com"]
[Date "2024.02.20"]
[Round "9"]
[White "mishanick"]
[Black "AlexeiShirov"]
[Result "1-0"]
[WhiteElo "3000"]
[BlackElo "2844"]
[TimeControl "180+1"]
[EndTime "15:42:40 PST"]
[Termination "mishanick won by resignation"]

1. d4 d5 2. c4 c6 3. Nf3 Nf6 4. Nc3 e6 5. e3 Nbd7 6. Qc2 Bd6 7. Be2 O-O 8. O-O dxc4 9. Bxc4 b5 10. Bd3 Bb7 11.
e4 e5 12. Bg5 h6 13. Bh4 exd4 14. Nxd4 Nc5 15. Rad1 Bxh2+ 16. Kxh2 Ng4+ 17. Kh3 Qxd4 18. Be2 Qe5 19. Bxg4 Bc8 20. Bxc8 Raxc8 21. f4 Qe6+ 22. f5 Qc4 23. b3 Qb4 24. Be7 Rfe8 25. f6 gxf6 26.
Bxf6 Nxe4 27. Nxe4 Rxe4 28. Rf3 Rce8 29. Rg3+ Kf8 30.
a3 Qxa3 31. Bg7+ Kg8 32. Bb2+ 1-0

[Event "Late-Titled-Tuesday-Blitz-February-20-2024"]
[Site "Chess.com"]
[Date "2024.02.20"]
[Round "9"]
[White "kleopl"]
[Black "egnfanclub"]
[Result "1-0"]
[WhiteElo "2517"]
[BlackElo "2390"]
[TimeControl "180+1"]
[EndTime "15:42:41 PST"]
[Termination "kleopl won by resignation"]

1. e4 e5 2. Nf3 Nc6 3. c3 Nf6 4. d4 Nxe4 5. d5 Ne7 6. Nxe5 Ng6 7. Qd4 Nxe5 8. Qxe4 Qe7 9. Be2 Ng6 10. Nd2 Qxe4 11.
Nxe4 d6 12. O-O Be7 13. Bb5+ Bd7 14. Bxd7+ Kxd7 15. c4 h6 16. b3 Rhe8 17. Bb2 Bf8 18. Rfe1 Nf4 19. Ng3 Nd3 20. Rxe8 Rxe8 21. Bd4 g6 22. Kf1 a5 23. Rd1 Nf4 24. Be3 g5 25.
Bxf4 gxf4 26. Nh5 f3 27. Nf6+ Kd8 28. Nxe8 fxg2+ 29. Kxg2 Kxe8 30. Kf3 Bg7 31. Kg4 Ke7 32. Kf5 Bc3 33. Rg1 Kf8 34. f3 Be5 35. h4 c6 36.
dxc6 bxc6 37. Ke4 c5 38. Kd5 Ke7 39. Re1 Kf6 40. Rxe5 dxe5 41. Kxc5 Ke6 42. Kb6 Kd7 43. Kxa5 f5 44. Kb4 e4 45. fxe4 f4 46. Kc3 f3 47.
Kd2 1-0

[Event "Late-Titled-Tuesday-Blitz-February-20-2024"]
[Site "Chess.com"]
[Date "2024.02.20"]
[Round "9"]
[White "ImportedItalianMaple"]
[Black "MAGMAchess02"]
[Result "1-0"]
[WhiteElo "2500"]
[BlackElo "2259"]
[TimeControl "180+1"]
[EndTime "15:42:44 PST"]
[Termination "ImportedItalianMaple won by resignation"]

1. Nf3 Nf6 2. g3 c5 3. Bg2 g6 4. O-O Bg7 5. c4 O-O 6. Nc3 Nc6 7. d4 cxd4 8. Nxd4 Nxd4 9. Qxd4 d6 10. Be3 a6 11.
Qb6 Qxb6 12. Bxb6 Nd7 13. Be3 Bxc3 14. bxc3 Nc5 15. Rab1 Be6 16. Bxc5 dxc5 17. Rxb7 Bxc4 18. Rxe7 Rfe8 19. Rc7 Rac8 20. Rxc8 Rxc8 21. Bf3 Bxa2 22. Ra1 Bc4 23. Ra5 Bb5 24. Bb7 Re8 25. Bxa6 Bxa6 26. Rxa6 Rxe2 27. Rc6 Re5 28. f4 Rd5 29. c4 Rf5 30. Kf2 h5 31. Ke3 Kf8 32. Ke4 Ke7 33. h3 Kd7 34. Ra6 Ke7 35. g4 Rf6 36. Rxf6 Kxf6 37. Kd5 g5 38. f5 h4 39. Kd6 1-0

[Event "Late-Titled-Tuesday-Blitz-February-20-2024"]
[Site "Chess.com"]
[Date "2024.02.20"]
[Round "9"]
[White "NLLO777"]
[Black "Mikasinski"]
[Result "1-0"]
[WhiteElo "2547"]
[BlackElo "2669"]
[TimeControl "180+1"]
[EndTime "15:42:48 PST"]
[Termination "NLLO777 won by resignation"]

1. Nf3 Nf6 2. g3 g6 3. Bg2 Bg7 4. O-O O-O 5. d4 d6 6. c4 Nc6 7. Nc3 a6 8. b3 e5 9. Bb2 Re8 10. e3 exd4 11. Nxd4 Nxd4 12. Qxd4 c6 13. Rad1 Bg4 14. Rc1 Qc7 15. h3 Bf5 16. Rfd1 Ne4 17. Qxg7+ Kxg7 18. Nxe4+ Kh6 19. Nxd6 Re6 20. c5 Re7 21. g4 Be6 22. Bf6 g5 23. f4 Kg6 24.
fxg5 Bd5 25. Nf5 h6 26. Nxe7+ Kh7 27. Nxd5 cxd5 28. Rxd5 Re8 29. Kf2 Qa5 30. Rc2 Qc7 31. b4 b5 32. Rcd2 Qh2 33. Rd7 Kg6 34. R2d6 Re6 35.
Rxe6 hxg5 36. Be5+ fxe6 1-0

[Event "Late-Titled-Tuesday-Blitz-February-20-2024"]
[Site "Chess.com"]
[Date "2024.02.20"]
[Round "9"]
[White "scandalgod"]
[Black "chegueps"]
[Result "1-0"]
[WhiteElo "2513"]
[BlackElo "2652"]
[TimeControl "180+1"]
[EndTime "15:42:51 PST"]
[Termination "scandalgod won by resignation"]

1. d4 d5 2. c4 e6 3. Nf3 a6 4. g3 dxc4 5. Bg2 b5 6. Ne5 c6 7. a4 Bb7 8. O-O Nf6 9. b3 cxb3 10.
Qxb3 Qxd4 11. Bb2 Qb6 12. Nd2 Nbd7 13. Nxd7 Nxd7 14. Rfd1 c5 15. axb5 Bxg2 16. Kxg2 Rb8 17. bxa6 Qa7 18. Qc2 Be7 19. Bxg7 Rg8 20. Qxh7 Rxg7 21.
Qxg7 Bf6 22. Qh7 Bxa1 23. Rxa1 Nf6 24. Qh4 Nd5 25. Ne4 Qa8 26. Kg1 Rb4 27. Qh8+ Kd7 28. Qxa8 Nc7 29. Nxc5+ Kd6 30. Nb7+ Kd7 31. Qb8 Nxa6 32.
Qd6+ Kc8 33. Qc6+ Kb8 34. Rxa6 1-0

[Event "Late-Titled-Tuesday-Blitz-February-20-2024"]
[Site "Chess.com"]
[Date "2024.02.20"]
[Round "9"]
[White "thechesscorner64"]
[Black "janhelmer03"]
[Result "0-1"]
[WhiteElo "2487"]
[BlackElo "2290"]
[TimeControl "180+1"]
[EndTime "15:42:55 PST"]
[Termination "janhelmer03 won by checkmate"]

1. e4 c5 2. Nf3 d6 3. Nc3 e5 4. Bc4 Nc6 5. d3 h6 6. Nd2 g6 7. Nf1 Bg7 8. a4 Nge7 9. Ne3 O-O 10. Ncd5 Nxd5 11. Bxd5 Ne7 12. Ba2 Kh7 13. O-O g5 14. c3 f5 15. exf5 Nxf5 16. Nxf5 Bxf5 17. d4 exd4 18. cxd4 Bxd4 19. Bd5 Qd7 20. a5 Rae8 21. Ra3 Re5 22. Qb3 Bg6 23. Bd2 Qf5 24. Bxb7 Re2 25. Qd1 Rxf2 26. Be3 Rxf1+ 27. Qxf1 Qxf1# 0-1

[Event "Late-Titled-Tuesday-Blitz-February-20-2024"]
[Site "Chess.com"]
[Date "2024.02.20"]
[Round "9"]
[White "dropstoneDP"]
[Black "LuckyTiger"]
[Result "1-0"]
[WhiteElo "3008"]
[BlackElo "2778"]
[TimeControl "180+1"]
[EndTime "15:42:56 PST"]
[Termination "dropstoneDP won by resignation"]

1. e4 c5 2. Nf3 d6 3. d4 Nf6 4.
Nc3 cxd4 5. Nxd4 a6 6. Be2 e5 7. Nb3 Be7 8. O-O O-O 9. Qd3 Be6 10. Nd5 Bxd5 11. exd5 Nfd7 12. Be3 Bg5 13. c4 a5 14.
Nd2 Bxe3 15. Qxe3 Nc5 16. b3 f5 17. a3 Nba6 18. Rab1 Nd7 19. b4 h6 20. c5 dxc5 21.
Bxa6 Rxa6 22. bxc5 f4 23. Qc3 Qc8 24. Rfc1 Rg6 25. Qc2 Qe8 26. Rxb7 Nf6 27. d6 Rxg2+ 28. Kxg2 Qc6+ 29. f3 Qxb7 30. Qb3+ Qf7 31. Qxf7+ Kxf7 32. c6 Ke6 33. Nc4 Rc8 34. d7 1-0

[Event "Late-Titled-Tuesday-Blitz-February-20-2024"]
[Site "Chess.com"]
[Date "2024.02.20"]
[Round "9"]
[White "Pachonpower"]
[Black "Bugcrusher"]
[Result "0-1"]
[WhiteElo "2317"]
[BlackElo "2496"]
[TimeControl "180+1"]
[EndTime "15:42:57 PST"]
[Termination "Bugcrusher won by resignation"]

1. d4 e6 2. Nf3 Nf6 3. Nbd2 c5 4. e3 b6 5. c3 Bb7 6. Bd3 cxd4 7. exd4 d6 8. O-O g6 9. Re1 Bg7 10. Ne4 Nxe4 11.
Bxe4 Bxe4 12. Rxe4 d5 13. Bg5 Bf6 14. Bxf6 Qxf6 15.
Qa4+ Kf8 16. Re5 a6 17. Rae1 b5 18. Qa3+ Kg7 19. Qd6 Rd8 20. Qc7 Nd7 21. Rg5 Rac8 22. Qd6 Nc5 23. Qb6 Ne4 24. Re5 Rb8 25. Qa5 b4 26.
cxb4 Rb5 27. Qa4 Rdb8 28. a3 a5 29. h4 axb4 30. axb4 Rxb4 31. Qd7 Rxb2 32. h5 Rxf2 33. R1xe4 dxe4 34. h6+ Kxh6 35. Rxe4 Rxf3 36. gxf3 Qxf3 37.
Rh4+ Kg7 0-1

[Event "Late-Titled-Tuesday-Blitz-February-20-2024"]
[Site "Chess.com"]
[Date "2024.02.20"]
[Round "9"]
[White "morte-negra"]
[Black "PNEPaul"]
[Result "0-1"]
[WhiteElo "2003"]
[BlackElo "1994"]
[TimeControl "180+1"]
[EndTime "15:42:58 PST"]
[Termination "PNEPaul won on time"]

1. e4 e5 2. Nf3 Nc6 3. Bc4 Be7 4. d4 exd4 5. Nxd4 d6 6. O-O Nf6 7. Re1 O-O 8. Nc3 Ne5 9. Bb3 c5 10. Nf5 Bxf5 11. exf5 c4 12. f4 Neg4 13. Bxc4 Qb6+ 14. Be3 Nxe3 15. Qe2 Nxc4+ 16. Kh1 Rfe8 17. Qxc4 Ng4 18. h3 Ne3 19. Qd3 Bf6 20. Ne4 Bh4 21. Rxe3 d5 22. Nc5 Qxc5 23. Rxe8+ Rxe8 24. g3 Bf6 25. c3 Qf2 26.
Rf1 Qe2 0-1

[Event "Late-Titled-Tuesday-Blitz-February-20-2024"]
[Site "Chess.com"]
[Date "2024.02.20"]
[Round "9"]
[White "Grischuk"]
[Black "NoHeThTo"]
[Result "1-0"]
[WhiteElo "3050"]
[BlackElo "2650"]
[TimeControl "180+1"]
[EndTime "15:43:01 PST"]
[Termination "Grischuk won by resignation"]

1. d4 Nf6 2. c4 g6 3. g3 Bg7 4. Bg2 O-O 5. Nc3 d6 6. Nf3 Nc6 7. d5 Na5 8. b3 c6 9. dxc6 Nxc6 10.
Bg5 Qa5 11. Bd2 Qh5 12. h3 Ne5 13. Rc1 Rb8 14. g4 Nxf3+ 15. exf3 Qe5+ 16. Qe2 Qxe2+ 17. Kxe2 a6 18. f4 b5 19. g5 Nh5 20. Nd5 bxc4 21. Nxe7+ Kh8 22. Nxc8 Re8+ 23. Kf3 Rbxc8 24. Rxc4 Rxc4 25.
bxc4 Rb8 26. Be3 f6 27. h4 fxg5 28. hxg5 Rf8 29. Kg4 h6 30. Be4 hxg5 31. Bxg6 gxf4 32. Rxh5+ Kg8 33. Bxf4 Rc8 34. Be4 1-0

[Event "Late-Titled-Tuesday-Blitz-February-20-2024"]
[Site "Chess.com"]
[Date "2024.02.20"]
[Round "9"]
[White "TokChess"]
[Black "pavet"]
[Result "0-1"]
[WhiteElo "2561"]
[BlackElo "2740"]
[TimeControl "180+1"]
[EndTime "15:43:07 PST"]
[Termination "pavet won on time"]

1. d4 Nf6 2. Nf3 g6 3. c3 Bg7 4. Bg5 O-O 5. e3 d6 6. Be2 b6 7. a4 a6 8. O-O Bb7 9. Nbd2 Nbd7 10. h3 c5 11. Bh4 Rc8 12. Bd3 Qc7 13. Qe2 a5 14.
Rfd1 Rfe8 15. Nc4 Ne4 16. Nfd2 d5 17. Na3 Nxd2 18. Qxd2 e5 19. Bg3 Qc6 20. Nb5 Qe6 21. Be2 Nf6 22. Bxe5 Ne4 23. Qe1 Bxe5 24. dxe5 Qxe5 25.
Bf3 Rcd8 26. Rd3 Ng5 27. Qd1 Qf5 28. Bg4 Qe4 29. h4 h5 30. hxg5 hxg4 31. Rd2 d4 0-1

[Event "Late-Titled-Tuesday-Blitz-February-20-2024"]
[Site "Chess.com"]
[Date "2024.02.20"]
[Round "9"]
[White "ninguno46"]
[Black "davigator"]
[Result "1-0"]
[WhiteElo "2527"]
[BlackElo "2408"]
[TimeControl "180+1"]
[EndTime "15:43:08 PST"]
[Termination "ninguno46 won by resignation"]

1. e4 c5 2. Nc3 Nc6 3. f4 g6 4. Nf3 Bg7 5. Bb5 Nh6 6. O-O O-O 7.
Bxc6 dxc6 8. d3 f5 9. Qe2 Nf7 10.
Be3 b6 11. Rad1 Qc7 12. Kh1 Be6 13. Qf2 Rad8 14. Qg3 Rfe8 15. e5 Rd7 16. b3 Nd8 17. Ng5 h6 18. Nf3 Kh7 19. Qh4 Rg8 20. Rg1 Bf8 21.
Rdf1 Kg7 22. Bc1 h5 23. Bb2 Nf7 24. h3 Rh8 25. Rf2 Kg8 26. Qg3 Kh7 27. Nh4 Rg8 28.
Qf3 Bh6 29. Kh2 Rd4 30. Ne2 Rd7 31. Qe3 Rh8 32. Nf3 Kg8 33. Ng5 Nd8 34. Rf3 Bg7 35. Rg3 h4 36. Rf3 Bh6 37. Nxe6 Nxe6 38. g3 Bg7 39. g4 Kf7 40. Rf2 Rdd8 41. Qf3 Rdg8 42. Rfg2 Bf8 43. gxf5 Ng7 44. Rxg6 Nxf5 45. Rxg8 Rxg8 46.
Qh5+ 1-0

[Event "Late-Titled-Tuesday-Blitz-February-20-2024"]
[Site "Chess.com"]
[Date "2024.02.20"]
[Round "9"]
[White "Njal28"]
[Black "BardArtem"]
[Result "1-0"]
[WhiteElo "2991"]
[BlackElo "2773"]
[TimeControl "180+1"]
[EndTime "15:43:12 PST"]
[Termination "Njal28 won by resignation"]

1. e4 e5 2. Nf3 Nc6 3. Nc3 Nf6 4. Nd5 d6 5. d4 Be7 6. Bb5 Bd7 7. O-O O-O 8. Nxe7+ Qxe7 9. d5 Nb8 10. Bd3 Bg4 11. h3 Bxf3 12. Qxf3 Nbd7 13. c3 a5 14. a4 Nc5 15. Bc2 Nfd7 16. b4 axb4 17. cxb4 Na6 18. Bd2 Kh8 19. a5 c6 20. dxc6 bxc6 21. Qe2 Rfb8 22.
Rab1 Nc7 23. Ba4 Nb5 24. Rfc1 Nd4 25. Qd1 Nf6 26. Be3 c5 27. Bxd4 cxd4 28. Bc6 Ra7 29.
Qd2 d5 30. exd5 Ne4 31. Qd3 Nc3 32. Rxc3 dxc3 33. d6 Qd8 34. b5 Rxa5 35. Qxc3 Ra6 36. Rd1 Rab6 37. Qxe5 Qf6 38. d7 Qxe5 39. d8=Q+ Qe8 40.
Qxe8+ Rxe8 41. Bxe8 1-0

[Event "Late-Titled-Tuesday-Blitz-February-20-2024"]
[Site "Chess.com"]
[Date "2024.02.20"]
[Round "9"]
[White "Atanejhad"]
[Black "ACollins05"]
[Result "0-1"]
[WhiteElo "2427"]
[BlackElo "2588"]
[TimeControl "180+1"]
[EndTime "15:43:12 PST"]
[Termination "ACollins05 won by resignation"]

1. d4 d5 2. c4 e6 3. Nc3 Be7 4. Nf3 Nf6 5. Bg5 h6 6. Bh4 O-O 7. e3 b6 8. Bd3 dxc4 9. Bxc4 Bb7 10. O-O Nbd7 11. Qe2 c5 12. Rfd1 Qc7 13. Nb5 Qc8 14. Bg3 Ne4 15. Rac1 a6 16. Nc3 Nxg3 17. hxg3 b5 18. Bd3 c4 19. Bb1 Nf6 20. e4 Rd8 21. e5 Nd5 22. Qe4 g6 23. Qg4 Kg7 24. Ne4 h5 25. Qh3 Nb4 26. g4 Rh8 27. g5 Nxa2 28. Qg3 Nxc1 29. Rxc1 Qd7 30. Qf4 Rac8 31. Nf6 Qc7 32.
Nh4 b4 33. Qe3 Qc6 34. f3 Rhd8 35. Qd2 Rxd4 36. Qf2 Bc5 37. Kh1 Rd1+ 38. Rxd1 Bxf2 0-1

[Event "Late-Titled-Tuesday-Blitz-February-20-2024"]
[Site "Chess.com"]
[Date "2024.02.20"]
[Round "9"]
[White "martinmena"]
[Black "HajiyevKanan"]
[Result "0-1"]
[WhiteElo "2193"]
[BlackElo "2476"]
[TimeControl "180+1"]
[EndTime "15:43:17 PST"]
[Termination "HajiyevKanan won by resignation"]

1. c4 c6 2. g3 d5 3. Nf3 Nf6 4. Bg2 Bf5 5. O-O e6 6. d4 Bd6 7.
Nc3 O-O 8. Ne5 Nbd7 9. f4 Bxe5 10. fxe5 Ne4 11. cxd5 Nxc3 12. bxc3 cxd5 13. Ba3 Re8 14. Qe1 Qa5 15. Bb4 Qb5 16. a4 Qc4 17. a5 f6 18. exf6 Nxf6 19. h3 Rac8 20. Qd2 Ne4 21. Bxe4 Bxe4 22. Rf4 Bf5 23. g4 Bg6 24. h4 h5 25. Raf1 Kh7 26. gxh5 Bxh5 27. R4f2 e5 28. Qg5 Bxe2 29. Rf7 Rg8 30. R1f2 exd4 31. Qf5+ Kh8 32. Qg6 dxc3 33. R2f6 Qg4+ 34. Qxg4 Bxg4 35. Rg6 Bh5 36. Rgxg7 Bxf7 37. Bxc3 Rxc3 0-1

[Event "Late-Titled-Tuesday-Blitz-February-20-2024"]
[Site "Chess.com"]
[Date "2024.02.20"]
[Round "9"]
[White "picturesquecheck"]
[Black "Hui_Li_Macau"]
[Result "1-0"]
[WhiteElo "2479"]
[BlackElo "2350"]
[TimeControl "180+1"]
[EndTime "15:43:20 PST"]
[Termination "picturesquecheck won by resignation"]

1. e4 e5 2. Nf3 Nf6 3. Nxe5 d6 4. Nf3 Nxe4 5. d4 d5 6. Bd3 Nc6 7. O-O Be7 8. c4 Nb4 9. Nc3 Nxc3 10. bxc3 Nxd3 11.
Qxd3 dxc4 12. Qxc4 O-O 13. Re1 Be6 14. Qd3 Bf6 15.
Bf4 Bd5 16. Ne5 b6 17. c4 Bb7 18.
Rad1 Re8 19. d5 g6 20. Ng4 Rxe1+ 21. Rxe1 Bg7 22. Qg3 c6 23. d6 c5 24. Be5 Qg5 25.
Bxg7 Kxg7 26. Qc3+ Kg8 27. Nf6+ Kf8 28. Nxh7+ 1-0

[Event "Late-Titled-Tuesday-Blitz-February-20-2024"]
[Site "Chess.com"]
[Date "2024.02.20"]
[Round "9"]
[White "djano"]
[Black "MusicCityMaster"]
[Result "0-1"]
[WhiteElo "2639"]
[BlackElo "2566"]
[TimeControl "180+1"]
[EndTime "15:43:24 PST"]
[Termination "MusicCityMaster won by resignation"]

1. Nc3 e6 2. d4 d5 3. Bf4 c6 4. Nf3 Nf6 5. e3 Nbd7 6. Bd3 b5 7. O-O b4 8. Ne2 a5 9. c4 bxc3 10. Bc4 dxc4 11. Nxc3 Be7 12. e4 O-O 13. h3 Bb7 14.
Re1 Re8 15. Qa4 Nb6 16. Qc2 c5 17. Rad1 cxd4 18. Nxd4 Nfd7 19. Ndb5 Bb4 20. Nc7 Qf6 21. Nxa8 Bxa8 22. Bg3 Nc5 23. Re3 Nd3 24. e5 Qg6 25. a3 Bc5 26. Rexd3 cxd3 27. Rxd3 h5 28. Ne2 Nd5 29.
Qa4 Rf8 30. Rf3 Nb6 31. Qxa5 Bxf3 32. gxf3 Qc2 33. Nc3 Bd4 34. Ne4 Nd5 35. Kg2 Ne3+ 36. Kh2 Nf5 37. h4 Qxb2 38. f4 Nh6 39. Ng5 Ng4+ 40. Kh3 Bxf2 0-1

[Event "Late-Titled-Tuesday-Blitz-February-20-2024"]
[Site "Chess.com"]
[Date "2024.02.20"]
[Round "9"]
[White "ATM622"]
[Black "ansko1999"]
[Result "1-0"]
[WhiteElo "2512"]
[BlackElo "2648"]
[TimeControl "180+1"]
[EndTime "15:43:26 PST"]
[Termination "ATM622 won on time"]

1. d4 d6 2. c4 e5 3. dxe5 dxe5 4. Qxd8+ Kxd8 5. Nc3 c6 6. e4 Bc5 7. Bd3 Be6 8. Nge2 Nd7 9. f4 f6 10. a3 a5 11. Bd2 Ne7 12. Na4 Bd6 13. f5 Bf7 14. Be3 Rb8 15. c5 Bc7 16. b4 axb4 17. axb4 b6 18.
cxb6 Nxb6 19. Nc5 Ra8 20. O-O Rxa1 21. Rxa1 Kc8 22. Ba6+ Kb8 23. Bd3 Kc8 24. Ra7 Bd6 25.
Ba6+ Kb8 26. Rb7+ Ka8 27. Rxb6 Rd8 28. Bb7+ Kb8 29. Na6+ Ka7 30. Rb5+ c5 31. bxc5 1-0

[Event "Late-Titled-Tuesday-Blitz-February-20-2024"]
[Site "Chess.com"]
[Date "2024.02.20"]
[Round "9"]
[White "reevecanada"]
[Black "TigrVShlyape"]
[Result "1-0"]
[WhiteElo "2632"]
[BlackElo "2895"]
[TimeControl "180+1"]
[EndTime "15:43:28 PST"]
[Termination "reevecanada won on time"]

1. e4 c5 2. Nf3 e6 3. b3 a6 4.
Bb2 b5 5. d4 cxd4 6. Nxd4 Bb7 7.
Nd2 Nf6 8. Bd3 Nc6 9. O-O Qc7 10.
Rc1 Bc5 11. Nxc6 Bxc6 12. e5 Nd5 13. Ne4 Be7 14. Qg4 Rg8 15. c4 bxc4 16. bxc4 Nb4 17.
Bb1 a5 18. Nd6+ Bxd6 19. exd6 Qxd6 20. Bxh7 Rh8 21. Qxg7 O-O-O 22. Rfd1 Qc5 23. Qh6 Rdg8 24. g3 Rg6 25. Qh4 Qf5 26. Bxg6 Qf3 27. Qxh8+ Kb7 28. Rxd7+ Bxd7 29. Bh5 1-0

[Event "Late-Titled-Tuesday-Blitz-February-20-2024"]
[Site "Chess.com"]
[Date "2024.02.20"]
[Round "9"]
[White "Polstastisch"]
[Black "mirciulica14"]
[Result "0-1"]
[WhiteElo "2425"]
[BlackElo "2659"]
[TimeControl "180+1"]
[EndTime "15:43:29 PST"]
[Termination "mirciulica14 won by checkmate"]

1. e4 g6 2. d4 c6 3. Nc3 d5 4. h3 dxe4 5. Nxe4 Nf6 6. Nxf6+ exf6 7.
Nf3 Bg7 8. Bd3 O-O 9. O-O Re8 10.
Re1 Be6 11. c4 Nd7 12. Bf4 Nf8 13. Qc2 Qd7 14. Rad1 Rad8 15. a4 Qc8 16. a5 g5 17.
Bg3 h5 18. Re2 g4 19. hxg4 Bxg4 20. Re3 Bh6 21. Rxe8 Rxe8 22. Be2 Qe6 23. Kf1 Ng6 24. Ng1 h4 25. Bh2 Bf4 26. Bxf4 Nxf4 27. Bf3 h3 28. Bxg4 hxg2# 0-1

[Event "Late-Titled-Tuesday-Blitz-February-20-2024"]
[Site "Chess.com"]
[Date "2024.02.20"]
[Round "9"]
[White "carloseduar100"]
[Black "Capablanca_Oujda_2021"]
[Result "0-1"]
[WhiteElo "2377"]
[BlackElo "2511"]
[TimeControl "180+1"]
[EndTime "15:43:38 PST"]
[Termination "Capablanca_Oujda_2021 won by checkmate"]

1. e4 c6 2. Nf3 d5 3. Nc3 dxe4 4. Nxe4 Nf6 5. Nxf6+ exf6 6. d4 Bd6 7. Bd3 O-O 8. O-O Bg4 9. h3 Bh5 10. c3 Nd7 11. Re1 Rc8 12. Be2 Bb8 13. Be3 Qc7 14.
g3 g5 15. Nd2 Bg6 16. Nf1 Rfe8 17. Bh5 Bf5 18. Bg4 Bg6 19. Bh5 Nf8 20. Bxg6 Nxg6 21.
Qf3 Kg7 22. Bd2 Qd7 23. Kg2 h6 24. Rxe8 Rxe8 25. Re1 Rxe1 26. Bxe1 Qe6 27. Ne3 Ne7 28. c4 f5 29. Bc3 f6 30. d5 cxd5 31. cxd5 Qd7 32.
a3 f4 33. Ng4 Nxd5 34. Qd3 fxg3 35. Qd4 Qc6 36. f3 Nf4+ 37. Kf1 Qxf3+ 38. Ke1 Qe2# 0-1